 Dungeon Crawl Stone Soup version 0.25-a0-865-gd392131cc7 (webtiles) character file.

Game seed: 8019082701653117860, levelgen mode: deterministic

433 Mrkan the Skirmisher (level 6, -3/56 HPs)
             Began as a Draconian Fighter on Apr 29, 2020.
             Was a Follower of Nemelex Xobeh.
             Slain by Grinder (8 damage)
             ... while paralysed by Grinder
             ... on level 5 of the Dungeon.
             The game lasted 00:07:53 (3969 turns).

Mrkan the Skirmisher (Draconian Fighter)            Turns: 3969, Time: 00:07:53

Health: -3/56      AC:  6    Str: 18    XL:     6   Next: 67%
Magic:  6/6        EV:  2    Int:  9    God:    Nemelex Xobeh [*.....]
Gold:   199        SH:  0    Dex: 15    Spells: 5/5 levels left

rFire    . . .     SeeInvis .   w - +4 mace of Ylini {freeze, *Corrode +Blink rC+ Dex+3}
rCold    + . .     Gourm    .   b - +0 kite shield
rNeg     . . .     Faith    .   (armour unavailable)
rPois    .         Spirit   .   (helmet restricted)
rElec    .         Reflect  .   (no cloak)
rCorr    .         Harm     .   (no gloves)
MR       .....                  (no boots)
Stlth    +.........             (no amulet)
HPRegen  0.18/turn              (no ring)
MPRegen  0.10/turn              (no ring)

@: paralysed
A: unfitting armour, cold-blooded, AC +6
a: Draw Escape, Draw Destruction, Draw Summoning, Renounce Religion, Evoke Blink


You were on level 5 of the Dungeon.
You worshipped Nemelex Xobeh.
Nemelex Xobeh was aware of your devotion.
You were not hungry.

You visited 1 branch of the dungeon, and saw 5 of its levels.

You collected 199 gold pieces.

Inventory:

Hand Weapons
 a - a +0 war axe
 w - the +4 mace of Ylini (weapon) {freeze, *Corrode +Blink rC+ Dex+3}
   (You found it on level 4 of the Dungeon)

   It has been specially enchanted to freeze those struck by it, causing extra
   injury to most foes and up to half again as much damage against particularly
   susceptible opponents.
   It can also slow down cold-blooded creatures.
   It affects your dexterity (+3).
   It protects you from cold.
   It lets you blink.
   It may corrode you when you take damage.
Armour
 b - a +0 kite shield (worn)
 y - a scarf of spirit shield
Jewellery
 n - an uncursed ring of protection from fire {unknown}
 s - a +2 ring of strength
 u - an uncursed ring of see invisible {unknown}
Wands
 m - a wand of acid (10)
 z - a wand of paralysis (4)
Scrolls
 e - 2 scrolls of magic mapping {unknown}
 h - 2 scrolls of identify
 j - 2 scrolls of blinking {unknown}
 k - 2 scrolls of fog {unknown}
 l - a scroll of amnesia {unknown}
 o - 3 scrolls of remove curse {unknown}
Potions
 c - 2 potions of might
 f - 2 potions of stabbing {unknown}
 g - 2 potions of berserk rage {unknown}
 i - 2 potions of flight {unknown}
 p - 2 potions of brilliance {unknown}
 q - a potion of lignification {unknown}
 r - 2 potions of curing {unknown}
 t - 2 potions of haste {unknown}
 v - a potion of mutation {unknown}
Comestibles
 d - 11 rations
 x - 5 chunks of flesh


   Skills:
 + Level 5.0 Fighting
 - Level 4.8(5.0) Axes
 * Level 1.5(3.4) Maces & Flails
 - Level 2.6 Dodging
 + Level 4.5 Shields
 + Level 1.0 Invocations


You had 5 spell levels left.
You didn't know any spells.
Your spell library contained the following spells:

 Spells                   Type           Power        Failure   Level  Hunger
 Foxfire                  Conj/Fire      #...         83%         1    ##.....
 Cause Fear               Hex            #.........   100%        4    #####..
 Dragon Form              Tmut           #.........   100%        7    #######
 Dragon's Call            Summ           #.........   100%        9    #######


Dungeon Overview and Level Annotations

Branches:
Dungeon (5/15)             Temple (0/1) D:5

Altars:
Ashenzari
Nemelex Xobeh
Sif Muna
Xom
Yredelemnul

Shops:
D:4 ?

Annotations:
D:3 2 transporters
D:5 Grinder


Innate Abilities, Weirdness & Mutations

Your plain brown scales are hard. (AC +6)
You cannot fit into any form of body armour.
You are cold-blooded and may be slowed by cold attacks.


Message History

You closely miss Grinder.
Grinder is heavily wounded.
Grinder hits you.
* * * LOW HITPOINT WARNING * * *
You writhe in agony.
* * * LOW HITPOINT WARNING * * *
You closely miss Grinder.
Grinder is heavily wounded.
Grinder gestures at you. Pain shoots through your body!
* * * LOW HITPOINT WARNING * * *
You hit Grinder.
Grinder is heavily wounded.
Grinder misses you. Grinder gestures at you.
You suddenly lose the ability to move!
Grinder hits you but does no damage. Grinder hits you!
You die...
Your body glows slightly and disappears.

...........#
..........##
...........############
......................#
.>....................#
##............!<......#
#....................#
#..<.................#
..............@.....#
#.#######.....5.....#
#.............
#...........##
###.......### #######.#
.# .#


You could see Grinder.

Vanquished Creatures
  A centaur (D:5)
  A howler monkey (D:4)
  A hound (D:5)
  A jelly (D:4)
  A centaur skeleton (D:4)
  2 worker ants (D:4)
  8 adders
  A shadow imp (D:5)
  An adder skeleton (D:4)
  2 dart slugs (D:2)
  2 worms
  2 leopard geckos
  3 orcs (D:5)
  5 ball pythons
  4 bats
  13 giant cockroaches
  9 goblins
  9 hobgoblins
  6 jackals
  4 kobolds
  3 quokkas
  5 frilled lizards
  A leopard gecko skeleton (D:4)
  A quokka skeleton (D:4)
  8 rats
94 creatures vanquished.

Notes
Turn   | Place    | Note
-------+----------+-------------------------------------------
     0 | D:1      | Mrkan the Draconian Fighter began the quest for the Orb.
     0 | D:1      | Reached XP level 1. HP: 19/19 MP: 1/1
    69 | D:1      | Reached XP level 2. HP: 13/26 MP: 2/2
   543 | D:2      | Reached XP level 3. HP: 27/31 MP: 3/3
   641 | D:2      | Found a shattered altar of Ashenzari.
   721 | D:2      | Found a shimmering blue altar of Sif Muna.
   857 | D:2      | Found a shimmering altar of Xom.
  1092 | D:2      | Reached XP level 4. HP: 40/40 MP: 4/4
  1169 | D:2      | Reached skill level 4 in Fighting
  1496 | D:2      | Found a sparkling altar of Nemelex Xobeh.
  1514 | D:2      | Became a worshipper of Nemelex Xobeh the Trickster
  1786 | D:3      | Received a gift from Nemelex Xobeh
  1929 | D:3      | Found a basalt altar of Yredelemnul.
  2261 | D:3      | Found a transporter.
  2279 | D:3      | Found a transporter.
  2484 | D:3      | Reached * piety under Nemelex Xobeh
  2755 | D:4      | Reached XP level 5. HP: 41/46 MP: 5/5
  2909 | D:4      | Found Baygg's Magic Scroll Emporium.
  2957 | D:4      | Reached XP level 6. HP: 18/53 MP: 6/6
  3544 | D:4      | Got a faintly glowing mace
  3545 | D:4      | Identified the +4 mace of Ylini {freeze, *Corrode +Blink
                  | rC+ Dex+3} (You found it on level 4 of the Dungeon)
  3595 | D:5      | Entered Level 5 of the Dungeon
  3615 | D:5      | Reached skill level 1 in Maces & Flails
  3868 | D:5      | Found a staircase to the Ecumenical Temple.
  3951 | D:5      | Reached skill level 1 in Invocations
  3954 | D:5      | Reached skill level 5 in Fighting
  3954 | D:5      | Noticed Grinder
  3967 | D:5      | Paralysed by Grinder for 3 turns
  3969 | D:5      | Slain by Grinder

Levels and vault maps discovered:
D:1:      ebering_trefoil_3fold, layout_basic
D:2:      layout_basic, tgw_xom, nemelex_xobeh_ov_fountains_minmay,
          marbit_many_paths, evilmike_ruin_ashenzari
D:3:      gammafunk_wand_slinger, layout_basic, yredelemnul_altar_generic
D:4:      kennysheep_big_flooded_room, layout_cave_pools, first_ration,
          serial_shops, shop, minmay_misc_feat_plants, grunt_ministairs_2
D:5:      layout_basic, elyvilon_altar_3, minmay_temple_entry_drinking_statues,
          uniq_grinder

Skill      XL: |  1  2  3  4  5  6 |
---------------+-------------------+-----
Axes           | 3 4 |  4.8
Fighting       | 4 5 |  5.0
Shields        | 4 |  4.5
Maces & Flails | 1 |  1.5
Invocations    | 1 |  1.0
Dodging        | |  2.6

Action                   |  1- 3 |  4- 6 || total
-------------------------+-------+-------++-------
Melee: War axe           |   120 |   163 ||   283
       Tailslap          |    12 |    29 ||    41
       Mace              |       |    36 ||    36
  Use: Scroll            |       |     1 ||     1
  Eat: Chunk             |     1 |     9 ||    10
Armor: Skin              |    49 |    55 ||   104
Dodge: Dodged            |    71 |    95 ||   166
Block: Kite shield       |    74 |   113 ||   187

Table legend:
 A = Non-vault XP
 B = Vault XP
 C = Vault XP percentage of total XP
 D = Non-vault monster count
 E = Vault monster count
 F = Vault count percentage of total count
                 A         B        C        D         E       F
            +---------+---------+-------+---------+---------+-------
      Total |     537 |      82 |  13.2 |      85 |       9 |   9.6
            +---------+---------+-------+---------+---------+-------
        D:1 |      39 |       0 |   0.0 |      22 |       0 |   0.0
        D:2 |      59 |      33 |  35.9 |      25 |       6 |  19.4
        D:3 |      53 |       0 |   0.0 |      17 |       0 |   0.0
        D:4 |     206 |      49 |  19.2 |      11 |       3 |  21.4
        D:5 |     180 |       0 |   0.0 |      10 |       0 |   0.0
            +---------+---------+-------+---------+---------+-------
